 Dungeon Crawl Stone Soup version 0.30-a0-743-gbfdf073431 (console) character file.

Game seed: 15779348635161709490

515 Ignak the Magician (level 7, -4/45 HPs)
             Began as an Octopode Hedge Wizard on Feb 6, 2023.
             Slain by an ice beast (11 damage)
             ... on level 5 of the Dungeon.
             The game lasted 00:09:00 (3724 turns).

Ignak the Magician (Octopode Hedge Wizard)          Turns: 3724, Time: 00:09:01

Health: -4/45      AC:  1    Str: 11    XL:     7   Next: 20%
Magic:  8/12       EV: 13    Int: 19    God:
Gold:   182        SH:  5    Dex: 11    Spells: 5/13 levels left

rFire   . . .      SeeInvis .    g - +8 scimitar of Liduta {speed, Str+2}
rCold   . . .      Faith    .    n - orb {light}
rNeg    . . .      Spirit   .    b - +0 hat
rPois   .          Reflect  +    e - amulet of reflection
rElec   .          Harm     .    (no ring)
rCorr   .          Rampage  .    (no ring)
Will    .....                    (no ring)
Stlth   ++                       (no ring)
HPRegen 0.27/turn                (no ring)
MPRegen 0.13/turn                (no ring)
                                 (no ring)
                                 (no ring)

@: very slightly contaminated, glowing
A: almost no armour, amphibious, 8 rings, camouflage 1, gelatinous body 1,
(nimble swimmer 1), tentacles
a: no special abilities


You were on level 5 of the Dungeon.
You visited 1 branch of the dungeon, and saw 5 of its levels.

You collected 210 gold pieces.
You spent 28 gold pieces at shops.

Inventory:

Hand Weapons
 a - a +0 dagger
 g - the +8 scimitar of Liduta (weapon) {speed, Str+2}
   (You found it on level 2 of the Dungeon)

   Str:       It affects your strength (+2).
Missiles
 h - 9 poisoned darts (quivered)
Armour
 b - a +0 hat (worn)
 n - an orb of light (worn)
Magical Staves
 d - a staff of conjuration
Jewellery
 e - an amulet of reflection (around mantle)
 u - an amulet of magic regeneration
Scrolls
 f - 3 scrolls of magic mapping
 i - 3 scrolls of teleportation
 k - a scroll of poison
 l - a scroll of fear
 v - a scroll of fog {unknown}
 w - a scroll of noise {unknown}
Potions
 c - a potion of magic
 j - a potion of flight {unknown}
 m - 2 potions of mutation {unknown}
 o - a potion of lignification {unknown}
 p - a potion of invisibility {unknown}
 q - a potion of cancellation
 r - a potion of haste {unknown}
 s - a potion of resistance
 t - a potion of curing


   Skills:
 + Level 2.3 Fighting
 - Level 0.7(1.4) Short Blades
 + Level 1.9(2.0) Long Blades
 + Level 3.0 Dodging
 - Level 3.5 Stealth
 - Level 1.0 Unarmed Combat
 + Level 3.6 Spellcasting
 + Level 2.5 Conjurations
 - Level 2.0 Summonings
 + Level 2.4 Translocations
 - Level 2.0 Air Magic
 - Level 2.0 Poison Magic


You had 5 spell levels left.
You knew the following spells:

 Your Spells              Type           Power      Damage    Failure   Level
a - Magic Dart            Conj           52%        1d5       4%          1
b - Blink                 Tloc           24%        N/A       8%          2
d - Mephitic Cloud        Conj/Pois/Air  11%        N/A       17%         3
e - Call Imp              Summ           11%        N/A       10%         2

Your spell library contained the following spells:

 Spells                   Type           Power      Damage    Failure   Level
 Cigotuvi's Dreadful Rot  Necr/Pois/Air  16%        N/A       13%         2
 Slow                     Hex            12%        N/A       14%         1
 Petrify                  Tmut/Erth      3%         N/A       82%         4
 Metabolic Englaciation   Hex/Ice        1%         N/A       99%         5
 Statue Form              Tmut/Erth      2%         N/A       100%        6


Dungeon Overview and Level Annotations

Branches:
Dungeon (5/15)
 Temple: D:4-7

Altars:
Ashenzari

Shops:
D:1 *


Innate Abilities, Weirdness & Mutations

You cannot wear most types of armour.
You are amphibious.
You can wear up to eight rings at the same time.
Your skin changes colour to match your surroundings (Stealth+).
Your rubbery body absorbs attacks. (AC +1, EV +1)
((You are camouflaged when in or above water. (Stealth+)))
You have tentacles for arms and can constrict up to eight enemies at once.


Message History

Found 17 gold pieces.
You see here a hound corpse.
Found a rapier.
You now have 182 gold pieces (gained 17).
You see here a +0 rapier.
A jelly comes into view.
The jelly quivers.
You see here a scroll of magic mapping.
f - 3 scrolls of magic mapping (gained 1)
You slash the jelly!
Your tentacles burn!
The jelly is almost dead.
You block the jelly's attack.
You slash the jelly!
You kill the jelly!
i - 3 scrolls of teleportation (gained 1) HP restored.
An ice beast comes into view.
Casting: Call Imp (safe; 10% risk of failure)
Confirm with . or Enter, or press ? or * to list all spells.
You miscast Call Imp.
You are very lightly contaminated with residual magic.
Nothing appears to happen.
Casting: Call Imp (safe; 10% risk of failure)
Confirm with . or Enter, or press ? or * to list all spells.
A beastly little devil appears in a puff of flame.
You barely miss the ice beast. You squeeze the ice beast.
The ice beast is lightly wounded.
The ice beast hits you. The ice beast freezes you!
The ice beast attacks as you move away! The ice beast hits you.
The ice beast freezes you! The ice beast misses your crimson imp.
You swap places.
Your crimson imp blinks!
The ice beast hits you. The ice beast freezes you!
* * * LOW HITPOINT WARNING * * *
You hit the ice beast. You squeeze the ice beast.
The ice beast is moderately wounded.
The ice beast hits you.
* * * LOW HITPOINT WARNING * * *
The ice beast freezes you!
You die...

#......#.........
#.######.#########
###....)............
###...######.#########
#.....#.# ###.#
......#.# #...#
.####.#.####.###
##(####.#†#....######
..............5@Y...#
#...##.#.#.#######....
. ##.#.#... . #<.#.#
### ####.# ..# ###


You could see an ice beast (ally target) and a friendly crimson imp (summoned).

Vanquished Creatures
  A necrophage (D:4)
  A scorpion (D:4)
  A hound (D:5)
  A jelly (D:5)
  3 orc priests (D:4)
  Jessica (D:2)
  Terence (D:3)
  An orc wizard (D:4)
  3 gnolls
  5 adders
  A worm (D:3)
  A dart slug (D:1)
  4 orcs
  2 ball pythons
  4 bats
  11 endoplasms
  4 giant cockroaches
  11 goblins
  7 hobgoblins
  2 jackals (D:1)
  6 frilled lizards
  5 kobolds
  5 rats
81 creatures vanquished.

Vanquished Creatures (collateral kills)
  A gnoll (D:2)
  An endoplasm (D:3)
  A quokka (D:1)
  A rat (D:3)
4 creatures vanquished.

Grand Total: 85 creatures vanquished

Notes
Turn   | Place    | Note
-------+----------+-------------------------------------------
     0 | D:1      | Ignak the Octopode Hedge Wizard began the quest for the
                  | Orb.
     0 | D:1      | Reached XP level 1. HP: 11/11 MP: 4/4
    56 | D:1      | Reached XP level 2. HP: 15/17 MP: 6/6
    63 | D:1      | Learned a level 2 spell: Blink
    66 | D:1      | Learned a level 2 spell: Call Imp
   483 | D:1      | Found Salemofi's General Store.
   490 | D:1      | Bought a scroll of identify for 28 gold pieces
   509 | D:1      | Reached XP level 3. HP: 20/22 MP: 7/7
   518 | D:1      | Learned a level 3 spell: Mephitic Cloud
  1027 | D:1      | HP: 1/22 [poisoned by an adder]
  1152 | D:2      | Identified the +8 scimitar of Liduta {speed, Str+2}
  1192 | D:1      | Reached skill level 1 in Fighting
  1277 | D:1      | Reached XP level 4. HP: 11/28 MP: 8/8
  1664 | D:2      | Reached skill level 1 in Unarmed Combat
  1726 | D:2      | Noticed Jessica
  1729 | D:2      | Killed Jessica
  1730 | D:2      | Reached XP level 5. HP: 32/33 MP: 9/9
  2321 | D:3      | Noticed Terence
  2329 | D:3      | Killed Terence
  2330 | D:3      | Reached skill level 1 in Poison Magic
  2451 | D:3      | Reached skill level 1 in Long Blades
  2451 | D:3      | Reached skill level 1 in Air Magic
  2672 | D:3      | Found a broken altar of Ashenzari.
  3236 | D:4      | Reached XP level 6. HP: 6/39 MP: 9/11
  3361 | D:4      | Reached XP level 7. HP: 45/45 MP: 12/12
  3673 | D:5      | Entered Level 5 of the Dungeon
  3724 | D:5      | Slain by an ice beast

Illustrated notes

Levels and vault maps discovered:
D:1:      tarquinn_simple_flora_water_c, layout_loops_corners, serial_shops,
          nicolae_shop_waterfront, minmay_pentomino_p2
D:2:      layout_rooms, uniq_jessica
D:3:      kennysheep_big_flooded_room, layout_loops_ring,
          nicolae_overflow_hidden_temple, item_on_display_b, uniq_terence
D:4:      layout_basic
D:5:      layout_basic

Skill      XL: |  1  2  3  4  5  6  7 |
---------------+----------------------+-----
Stealth        | 3 |  3.5
Fighting       | 1 2 |  2.3
Unarmed Combat | 1 |  1.0
Poison Magic   | 1 2 |  2.0
Long Blades    | 1 |  1.9
Air Magic      | 1 2 |  2.0
Conjurations   | 2 |  2.5
Summonings     | 2 |  2.0
Translocations | 2 |  2.4
Dodging        | 3 |  3.0
Short Blades   | |  0.7
Spellcasting   | |  3.6

Action                     |  1- 3 |  4- 6 |  7- 9 || total
---------------------------+-------+-------+-------++-------
  Melee: Staff             |    50 |       |       ||    50
         Tentacles         |    13 |    14 |     2 ||    29
         Dagger            |     4 |       |       ||     4
         Constrict         |    19 |    14 |       ||    33
         Punch             |     1 |     1 |       ||     2
         Scimitar          |     5 |    73 |     9 ||    87
   Cast: Call Imp          |     3 |     4 |     1 ||     8
         Blink             |     4 |       |       ||     4
         Mephitic Cloud    |     1 |     2 |       ||     3
    Use: Scroll            |     2 |     5 |       ||     7
         Potion            |     1 |     1 |       ||     2
   Stab: Sleeping          |     9 |     6 |     1 ||    16
         Confused          |       |     2 |       ||     2
 Armour: Skin              |     3 |     3 |       ||     6
  Dodge: Dodged            |    28 |    23 |     2 ||    53
  Block: Other             |     3 |     2 |       ||     5
         Orb               |       |     6 |     1 ||     7

Table legend: (Time is in decaauts)
 A = Elapsed time spent in this place.
 B = Non-inter-level travel time spent in this place.
 C = Inter-level travel time spent in this place.
 D = Time resting spent in this place.
 E = Time spent auto-exploring this place.
 F = Levels seen in this place.
 G = Mean time per level.
                   A        B        C        D        E       F      G
               +--------+--------+--------+--------+--------+-----+--------+
         Total |   3723 |   3583 |    140 |    469 |   1924 |   5 |  744.6 |
       Dungeon |   3723 |   3583 |    140 |    469 |   1924 |   5 |  744.6 |
               +--------+--------+--------+--------+--------+-----+--------+

Top non-repeatable levels by time:
     D:1: 1399 daAuts
     D:3: 895 daAuts
     D:4: 697 daAuts
     D:2: 680 daAuts
     D:5: 50 daAuts
